 Dungeon Crawl Stone Soup version 0.14-a0-102-g2341383 (webtiles) character file.

244 PolkaDot the Insei (level 4, -1/32 HPs)
             Began as a Vampire Transmuter on Oct 3, 2013.
             Slain by a hobgoblin (3 damage)
             ... on Level 3 of the Dungeon.
             The game lasted 00:08:08 (1648 turns).

PolkaDot the Insei (Vampire Transmuter)             Turns: 1648, Time: 00:08:09

HP  -1/32        AC  2     Str  9      XL: 4   Next: 41%
MP   7/7         EV 13     Int 15      God:
Gold 148         SH  0     Dex 15      Spells:  3 memorised,  1 level left

Res.Fire  : . . .   See Invis. : +   b - 9 arrows
Res.Cold  : . . .   Warding    : .   c - +0 robe
Life Prot.: . . .   Conserve   : .   (no shield)
Res.Poison: .       Res.Corr.  : .   (no helmet)
Res.Elec. : .       Clarity    : .   (no cloak)
Sust.Abil.: . .     Spirit.Shd : .   (no gloves)
Res.Mut.  : .       Stasis     : .   (no boots)
Res.Rott. : .       Flight     : .   (no amulet)
Saprovore : . . .                    (no ring)
                                     (no ring)

@: regenerating quickly, slightly resistant to hostile enchantments, unstealthy
A: fangs 3, see invisible, unbreathing
a: no special abilities


You were on level 3 of the Dungeon.
You were full.

You visited 1 branch of the dungeon, and saw 3 of its levels.

You collected 128 gold pieces.

Inventory:

Missiles
 b - 9 arrows (in hand)
Armour
 c - a +0 robe (worn)
Scrolls
 e - 2 scrolls of enchant weapon I {unknown}
 f - 3 scrolls of teleportation {unknown}
 g - 3 scrolls of remove curse {unknown}
 k - 2 scrolls of amnesia {unknown}
 l - a scroll of curse armour {unknown}
 m - a scroll of curse weapon {unknown}
Potions
 a - 2 potions of restore abilities
 h - a potion of magic {unknown}
 i - a potion of heal wounds
 j - 2 potions of curing {unknown}
 n - a potion of confusion {unknown}
Books
 d - a book of Changes

   Spells                             Type                      Level
   *Beastly Appendage                 Transmutation                1
   *Sticks to Snakes                  Transmutation                2
   *Spider Form                       Transmutation/Poison         3
   Ice Form                           Ice/Transmutation            4
   Blade Hands                        Transmutation                5


   Skills:
 - Level 0.8 Fighting
 - Level 2.5 Dodging
 * Level 5.5 Unarmed Combat
 - Level 2.0 Spellcasting
 * Level 2.2 Transmutations
 + Level 0.0 Poison Magic


You had one spell level left.
You knew the following spells:

 Your Spells              Type           Power        Failure   Level  Hunger
a - Beastly Appendage     Trmt           #.....       12%         1    #......
s - Spider Form           Trmt/Pois      #.........   43%         3    ####...
S - Sticks to Snakes      Trmt           #.........   14%         2    ###....


Dungeon Overview and Level Annotations

Branches:
Dungeon (3/27)

Altars:


Innate Abilities, Weirdness & Mutations

Your natural rate of healing is unusually fast.
You have razor-sharp teeth.*
You have supernaturally acute eyesight.
You can survive without breathing.*


Message History

The hobgoblin misses you. The kobold completely misses you.
The hobgoblin barely misses you.
The kobold hits you with a quarterstaff.
You closely miss the kobold. The hobgoblin hits you.
The kobold barely misses you.
You clumsily bash the hobgoblin but do no damage.
The hobgoblin closely misses you.
The kobold hits you with a quarterstaff.
* * * LOW HITPOINT WARNING * * *
The hobgoblin barely misses you.
You clumsily bash the hobgoblin but do no damage.
The kobold misses you. The hobgoblin barely misses you.
The rat twitches its whiskers.
You barely miss the hobgoblin.
The kobold hits you with a quarterstaff.
* * * LOW HITPOINT WARNING * * *
The hobgoblin hits you.
* * * LOW HITPOINT WARNING * * *
The hobgoblin hits you.
You die...

K... #..#
.K.).##..#
..J.#...$####
......##(....#
#.#.#.#[...##.#
...#(.#.##o##
......#.##r# #
#......##K#
#.#......##@#
#......)..g.#
###......####
#.......#####
#.....#.......
####....#####
#...#.##
#.###.<# #.
#..#


You could see an orc, a hobgoblin, a kobold and a rat.

Vanquished Creatures
  4 adders
  A worm (D:2)
  2 oozes
  An orc (D:3)
  4 bats
  A giant cockroach (D:1)
  5 goblins
  5 hobgoblins
  2 jackals (D:2)
  5 kobolds
  A quokka (D:2)
  A giant newt (D:2)
  3 rats
35 creatures vanquished.

Vanquished Creatures (collateral kills)
  3 gnolls (D:2)
3 creatures vanquished.

Grand Total: 38 creatures vanquished

Notes
Turn   | Place    | Note
--------------------------------------------------------------
     0 | D:1      | PolkaDot, the Vampire Transmuter, began the quest for the Orb.
     0 | D:1      | Reached XP level 1. HP: 15/15 MP: 2/2
     2 | D:1      | Learned a level 1 spell: Beastly Appendage
    62 | D:1      | Reached skill level 4 in Unarmed Combat
    62 | D:1      | Reached XP level 2. HP: 8/21 MP: 2/4
   258 | D:1      | Learned a level 2 spell: Sticks to Snakes
   869 | D:2      | Reached XP level 3. HP: 21/26 MP: 5/5
   987 | D:2      | Reached skill level 5 in Unarmed Combat
  1204 | D:2      | Learned a level 3 spell: Spider Form
  1245 | D:2      | Reached XP level 4. HP: 25/32 MP: 7/7
  1648 | D:3      | Slain by a hobgoblin

Action                   |  1- 3 |  4- 6 || total
-------------------------+-------+-------++-------
Melee: Unarmed           |   128 |     7 ||   135
 Cast: Beastly Appendage |     2 |     3 ||     5
       Sticks to Snakes  |       |     3 ||     3
  Use: Potion            |     1 |     2 ||     3
